 Dungeon Crawl Stone Soup version 0.19.1 (webtiles) character file.

105 sal the Ducker (level 4, 44/44 HPs)
             Began as a Troll Fighter on Dec 12, 2016.
             Was an Initiate of Makhleb.
             Starved to death
             ... on level 3 of the Dungeon.
             The game lasted 00:20:47 (2487 turns).

sal the Ducker (Troll Fighter)                      Turns: 2487, Time: 00:20:48

Health: 44/44      AC:  6    Str: 25    XL:     4   Next: 54%
Magic:  3/3        EV:  8    Int:  4    God:    Makhleb [......]
Gold:   172        SH:  9    Dex:  9    Spells: 0 memorised, 3 levels left

rFire  . . .     SeeInvis .     a - +0 war axe
rCold  . . .     Gourm    +     b - +0 robe
rNeg   . . .     Faith    .     c - +0 shield
rPois  .         Spirit   .     (helmet restricted)
rElec  .         Reflect  .     r - +0 cloak
rCorr  .         Harm     .     (gloves unavailable)
MR     .....                    (boots unavailable)
Stlth  ++........               (no amulet)
                                (no ring)
                                x - ring of stealth

@: very slightly contaminated, fainting
A: unfitting armour, claws 3, fast metabolism 3, gourmand, regeneration 1,
shaggy fur 1, tough skin 2
a: Renounce Religion


You were on level 3 of the Dungeon.
You worshipped Makhleb.
Makhleb was noncommittal.
You were fainting.

You visited 1 branch of the dungeon, and saw 3 of its levels.

You collected 172 gold pieces.

Inventory:

Hand Weapons
 a - a +0 war axe (weapon)
 f - a +0 whip
 h - a cursed -3 hunting sling
 i - a +1 dagger of draining
 j - a +0 spear
 s - a +0 club
 u - a +0 hunting sling
Missiles
 e - 5 needles of frenzy
 g - 216 stones (quivered)
 p - 15 sling bullets
Armour
 b - a +0 robe (worn)
 c - a +0 shield (worn)
 k - a +0 plate armour
 m - a +0 leather armour
 n - a +2 pair of gloves
 o - a +0 chain mail
 r - a +0 cloak (worn)
 t - a +0 robe
 y - a +0 leather armour
Jewellery
 x - a ring of stealth (left claw)
Scrolls
 l - 2 scrolls of identify
 q - 2 scrolls of magic mapping
 v - 2 scrolls of remove curse
 z - a scroll of teleportation
Potions
 d - a potion of might
 w - a potion of resistance


   Skills:
 + Level 2.8 Fighting
 + Level 2.3 Axes
 + Level 3.2 Dodging
 + Level 3.0 Shields


You had 3 spell levels left.
You didn't know any spells.

Dungeon Overview and Level Annotations

Branches:
Dungeon (3/15)

Altars:
Makhleb
Trog
Vehumet


Innate Abilities, Weirdness & Mutations

You are too large for most types of armour.
You have claws for hands.
Your metabolism is lightning-fast.
You like to eat raw meat.
Your natural rate of healing is unusually fast.
You are covered in fur. (AC +1)
You have very tough skin. (AC +2)


Message History

You see here a whip.
You open the door.
There is an open door here.
You are fainting from starvation!
You flicker for a moment.
You flicker back into view.
You open the door.
Found a scroll of teleportation.
Found 23 stones.
There is an open door here.
You lose consciousness!
You can move again.
z - a scroll of teleportation You start to feel less resistant.
g - 216 stones (gained 23)
You lose consciousness!
Your resistance to elements expires.
You can move again.
You have starved to death.
You die...

#.# #.## #.# ....
#.# .... #.# ####
#.# #.# #.# #@#
#.# ####
#.######## #...
#........# #.##
#........# #.#
#........# #.#
#........# #.#
#........######.##
#........'........


There were no monsters in sight!

Vanquished Creatures
  Ijyb (D:2)
  An adder (D:3)
  2 worms (D:3)
  A dart slug (D:1)
  A leopard gecko (D:1)
  9 goblins
  4 hobgoblins
  8 jackals
  9 kobolds
  2 quokkas
  3 ball pythons
  5 bats
  3 frilled lizards (D:2)
  11 rats
60 creatures vanquished.

Notes
Turn   | Place    | Note
-------+----------+-------------------------------------------
     0 | D:1      | sal the Troll Fighter began the quest for the Orb.
     0 | D:1      | Reached XP level 1. HP: 22/22 MP: 0/0
   124 | D:1      | Reached XP level 2. HP: 28/29 MP: 1/1
   694 | D:1      | You fall through a shaft!
  1151 | D:2      | Reached XP level 3. HP: 36/36 MP: 2/2
  1190 | D:2      | Noticed Ijyb
  1231 | D:2      | Killed Ijyb
  1376 | D:2      | Reached XP level 4. HP: 39/44 MP: 3/3
  1540 | D:2      | Found a burning altar of Makhleb.
  2239 | D:3      | Found a radiant altar of Vehumet.
  2239 | D:3      | Found a bloodstained altar of Trog.
  2332 | D:2      | Became a worshipper of Makhleb the Destroyer
  2462 | D:3      | Paralysed by fainting for 11 turns
  2480 | D:3      | Paralysed by fainting for 6 turns
  2487 | D:3      | Starved to death

Skill      XL: |  1  2  3  4 |
---------------+-------------+-----
Axes           | 2 |  2.3
Dodging        | 3 |  3.2
Shields        | 3 |  3.0
Fighting       | |  2.8

Action                   |  1- 3 |  4- 6 || total
-------------------------+-------+-------++-------
Melee: War axe           |   125 |    98 ||   223
  Use: Scroll            |     4 |     2 ||     6
       Potion            |     2 |     2 ||     4
 Stab: Sleeping          |     1 |     1 ||     2
  Eat: Bread ration      |     2 |       ||     2
       Beef jerky        |       |     2 ||     2
       Meat ration       |       |     1 ||     1
       Pizza             |       |     1 ||     1
Armor: Robe              |    36 |    49 ||    85
Dodge: Dodged            |    38 |    38 ||    76
Block: Shield            |    56 |    61 ||   117
